 Dungeon Crawl Stone Soup version 0.29-a0-356-g7bc237e783 (webtiles) character file.

Game seed: 8463973013784519117

58 klau3 the Skirmisher (level 4, 0/49 HPs)
             Began as an Ogre Berserker on Apr 26, 2022.
             Was a Follower of Trog.
             Slain by a white imp (4 damage)
             ... summoned by Natasha
             ... on level 2 of the Dungeon.
             The game lasted 00:06:30 (1177 turns).

klau3 the Skirmisher (Ogre Berserker)               Turns: 1177, Time: 00:06:30

Health: 0/49       AC:  7    Str: 23    XL:     4   Next: 2%
Magic:  4/4        EV: 10    Int:  8    God:    Trog [*.....]
Gold:   98         SH:  0    Dex: 14    Spells: 3/3 levels left

rFire   . . .      SeeInvis .   a - +0 spear
rCold   . . .      Faith    .   (no shield)
rNeg    . . .      Spirit   .   b - +0 animal skin
rPois   .          Reflect  .   (helmet restricted)
rElec   .          Harm     .   (no cloak)
rCorr   .          Rampage  .   (gloves unavailable)
Will    .....                   (boots unavailable)
Stlth   +.........              (no amulet)
HPRegen 0.16/turn               l - +4 ring of protection
MPRegen 0.09/turn               n - +6 ring of dexterity

@: no status effects
A: large, unfitting armour, tough skin 1
a: Renounce Religion, Berserk


You were on level 2 of the Dungeon.
You worshipped Trog.
Trog was aware of your devotion.
You visited 1 branch of the dungeon, and saw 2 of its levels.

You collected 98 gold pieces.

Inventory:

Hand Weapons
 a - a +0 spear (weapon)
 f - a +0 quarterstaff
Missiles
 c - 31 stones (quivered)
Armour
 b - a +0 animal skin (worn)
 m - a +0 ring mail
 p - a +0 buckler
Jewellery
 l - a +4 ring of protection (left hand)
 n - a +6 ring of dexterity (right hand)
 q - a ring of poison resistance
Scrolls
 e - a scroll of amnesia {unknown}
 h - a scroll of teleportation {unknown}
 j - 3 scrolls of identify {unknown}
Potions
 d - 2 potions of curing {unknown}
 i - a potion of might {unknown}
 k - a potion of mutation {unknown}
 o - a potion of brilliance {unknown}
 r - a potion of lignification {unknown}


   Skills:
 + Level 4.7 Fighting
 + Level 3.8 Polearms
 + Level 3.2 Dodging


You had 3 spell levels left.
You didn't know any spells.
Your spell library was empty.

Dungeon Overview and Level Annotations

Branches:
Dungeon (2/15)

Altars:
Vehumet

Annotations:
D:2 Natasha


Innate Abilities, Weirdness & Mutations

You are too large for most types of armour.
You have tough skin. (AC +1)


Message History

A hobgoblin comes into view.
The hobgoblin shouts!
Natasha stares at you and mumbles some strange words.
You resist with some effort.
Found a scroll labelled TOYDDA BAF YCU.
Found an escape hatch in the floor.
Found a hunting sling.
Natasha claws you but does no damage.
The hobgoblin hits you but does no damage.
Natasha attacks as you move away! Natasha claws you.
The hobgoblin barely misses you. Natasha claws you.
Found 8 gold pieces.
The hobgoblin closely misses you. The hobgoblin attacks as you move away!
The hobgoblin barely misses you.
You hit Natasha but do no damage.
Natasha stares at you and mumbles some strange words.
The magic dart hits you! The hobgoblin closely misses you.
You barely miss Natasha.
Natasha casts a spell.
The hobgoblin hits you.
You hit Natasha.
Natasha is moderately wounded.
Natasha barely misses you. The hobgoblin hits you.
Natasha growls.
Natasha claws you but does no damage. The hobgoblin closely misses you.
The hobgoblin barely misses you.
Found a brown potion.
The white imp gestures at you. The puff of frost hits you!
* * * LOW HITPOINT WARNING * * *
Natasha mumbles some strange words.
The hobgoblin attacks as you move away! The hobgoblin hits you.
* * * LOW HITPOINT WARNING * * *
The crimson imp shouts, "Quit, thou impertinent kobold-kissing pustule!"
The hobgoblin hits you.
* * * LOW HITPOINT WARNING * * *
The crimson imp picks up a beetle and eats it.
As you read the scroll labelled APEPPI GIDO, it crumbles to dust.
You feel aware of your surroundings.
It was a scroll of magic mapping.
The white imp hits you.
* * * LOW HITPOINT WARNING * * *
The white imp freezes you.
You die...

......#.#..#.#.#..##.#.,**,*,,,,,
...##.#................,*,,,,,,,,
.................#####.,*,,,,*,*,
....#.#..##......>.....,,,,*,*,*,
###...........5........,,,,,,*,,,
....#.#...####...######**,,*,***,
....#.#.........h.)...!,,,,*,***,
......#..###.#.g5.#####**,,,,,,*,
##..............@.#..,,,,,,,,*,*,
#.##....########.#.##***,****,*,
*,#*,,,,,..,,,,.....,,,,,,,,*,*,
*,**,,,*##.#####.#.#****,**,*,*,
*,*,,,,,.........#.#####,**,*,,,
*,*,,,,**#.#......†..#.#,*#.#**,
**,*,,,,* #...........#..,,#.# *,
,,.#.,,.###........†..#.#**#.# **
......................#.# #.####


You could see Natasha, a crimson imp (summoned), a white imp (summoned) and a
hobgoblin.

Vanquished Creatures
  Natasha (D:2)
  2 worms (D:2)
  A dart slug (D:1)
  4 ball pythons (D:1)
  An endoplasm (D:1)
  4 hobgoblins
  A quokka (D:2)
  4 bats
  2 frilled lizards
  2 goblins (D:1)
  3 kobolds
  3 rats (D:2)
28 creatures vanquished.

Notes
Turn   | Place    | Note
-------+----------+-------------------------------------------
     0 | D:1      | klau3 the Ogre Berserker began the quest for the Orb.
     0 | D:1      | Reached XP level 1. HP: 24/24 MP: 1/1
   149 | D:1      | Reached XP level 2. HP: 23/32 MP: 2/2
   640 | D:2      | Reached XP level 3. HP: 26/40 MP: 3/3
   686 | D:2      | Found a faded altar of an unknown god.
   686 | D:2      | Noticed an ice devil
  1006 | D:2      | Found a radiant altar of Vehumet.
  1028 | D:2      | Noticed Natasha
  1047 | D:2      | Killed Natasha
  1048 | D:2      | Reached XP level 4. HP: 24/49 MP: 4/4
  1157 | D:2      | Noticed Natasha
  1177 | D:2      | Slain by a white imp

Illustrated notes

Levels and vault maps discovered:
D:1:      amcnicky_arrival_underground_garden, layout_loops_ring
D:2:      layout_basic, basic_altar, dreamdust_ecumenical_altar_sealed_demon,
          uniq_natasha

Skill      XL: |  1  2 |
---------------+-------+-----
Dodging        | 3 |  3.2
Fighting       | |  4.7
Polearms       | |  3.8

Action                   |  1- 3 |  4- 6 || total
-------------------------+-------+-------++-------
Melee: Spear             |    99 |     4 ||   103
       Punch             |     1 |       ||     1
Throw: Stone             |     1 |       ||     1
  Use: Scroll            |       |     1 ||     1
Armor: Animal skin       |    43 |     7 ||    50
Dodge: Dodged            |    63 |    11 ||    74

Table legend: (Time is in decaauts)
 A = Elapsed time spent in this place.
 B = Non-inter-level travel time spent in this place.
 C = Inter-level travel time spent in this place.
 D = Time resting spent in this place.
 E = Time spent auto-exploring this place.
 F = Levels seen in this place.
 G = Mean time per level.
                   A        B        C        D        E       F      G
               +--------+--------+--------+--------+--------+-----+--------+
         Total |   1169 |    600 |    569 |      0 |      0 |   2 |  584.5 |
       Dungeon |   1169 |    600 |    569 |      0 |      0 |   2 |  584.5 |
               +--------+--------+--------+--------+--------+-----+--------+

Top non-repeatable levels by time:
     D:2: 640 daAuts
     D:1: 528 daAuts
